 Dungeon Crawl Stone Soup version 0.22.1-2-g9c5b331383 (webtiles) character file.

91 Marnok the Slinger (level 4, -3/29 HPs)
             Began as a Halfling Hunter on Dec 16, 2018.
             Slain by an ogre
             ... wielding a +0 giant club
              (9 damage)
             ... on level 2 of the Dungeon.
             The game lasted 00:09:12 (1211 turns).

Marnok the Slinger (Halfling Hunter)                Turns: 1211, Time: 00:09:13

Health: -3/29      AC:  7    Str: 13    XL:     4   Next: 88%
Magic:  0/4        EV: 13    Int:  9    God:
Gold:   86         SH:  6    Dex: 15    Spells: 3/3 levels left

rFire    . . .     SeeInvis .   a - +2 hunting sling
rCold    . . .     Gourm    .   h - +2 buckler
rNeg     . . .     Faith    .   q - +2 ring mail {rPois}
rPois    +         Spirit   +   (no helmet)
rElec    .         Reflect  .   (no cloak)
rCorr    .         Harm     .   (no gloves)
MR       .....                  (no boots)
Stlth    +.........             j - amulet of guardian spirit
HPRegen  0.09/turn              (no ring)
MPRegen  0.09/turn              (no ring)

@: flying
A: small, mutation resistance 1
a: no special abilities


You were on level 2 of the Dungeon.
You were not hungry.

You visited 1 branch of the dungeon, and saw 4 of its levels.

You collected 86 gold pieces.

Inventory:

Hand Weapons
 a - a +2 hunting sling (weapon)
 b - a +0 short sword
 m - a +3 quarterstaff of chaos
 o - a +1 falchion of electrocution
 p - a cursed -1 mace
 t - a +1 rapier of speed
Missiles
 i - 68 stones (quivered)
Armour
 c - a +0 leather armour
 h - a +2 buckler (worn)
 q - a +2 ring mail of poison resistance (worn)
 r - a +0 cloak
Jewellery
 j - an amulet of guardian spirit (around neck)
Scrolls
 k - a scroll of enchant weapon
 s - 3 scrolls of identify
Potions
 g - 3 potions of berserk rage
Comestibles
 f - 3 rations
 n - a chunk of flesh


   Skills:
 + Level 2.0 Fighting
 + Level 8.0 Slings
 + Level 0.9 Armour
 + Level 2.4 Dodging
 + Level 1.1 Stealth


You had 3 spell levels left.
You didn't know any spells.
Your spell library was empty.

Dungeon Overview and Level Annotations

Branches:
Dungeon (4/15)
 Temple: D:4-7

Altars:


Innate Abilities, Weirdness & Mutations

You are small and have problems with some larger weapons.
You are somewhat resistant to further mutation.


Message History

The ogre closely misses you.
Firing (i - inventory. (/) - cycle)
d - a sling bullet (quivered)
Press: ? - help, Shift-Dir - straight line, f/p - ogre
Aim: an ogre, wielding a giant club (heavily wounded)
You shoot a sling bullet. The sling bullet hits the ogre.
The ogre is severely wounded.
The ogre hits you with a giant club!!
Ouch! That really hurt!
* * * LOW HITPOINT WARNING * * *
Firing (i - inventory)
i - 69 stones (quivered)
Press: ? - help, Shift-Dir - straight line, f/p - ogre
Aim: an ogre, wielding a giant club (severely wounded)
You shoot a stone. The stone hits the ogre.
The ogre is severely wounded.
It was a potion of magic.
Magic courses through your body. The ogre closely misses you.
It was a potion of flight.
You feel very buoyant.
You fly up into the air.
The ogre hits you with a giant club!
You die...

#......... #
...############
.### ......
########## #...
....# ..........
#.O# ....#
######... #..#
....# #.## #..#
#.[# #.#
#..####..# #.#
#(.(O@...# #.#
#.#####.#########
#.# #.
#.........# #>#
#.
#########)###.#
.. #.....# ##
#######


You could see an ogre.

Vanquished Creatures
  Crazy Yiuf (D:2)
  Robin (D:2)
  An adder (D:2)
  5 orcs (D:2)
  A bat (D:1)
  6 hobgoblins
  2 jackals (D:2)
  6 kobolds
  2 quokkas (D:2)
  8 goblins
  2 rats
35 creatures vanquished.

Notes
Turn   | Place    | Note
-------+----------+-------------------------------------------
     0 | D:1      | Marnok the Halfling Hunter began the quest for the Orb.
     0 | D:1      | Reached XP level 1. HP: 14/14 MP: 1/1
   362 | D:2      | Reached skill level 6 in Slings
   617 | D:1      | Reached XP level 2. HP: 18/19 MP: 2/2
   800 | D:1      | You fall through a shaft!
   840 | D:2      | Noticed Robin
   857 | D:2      | Reached XP level 3. HP: 22/24 MP: 3/3
   865 | D:2      | Killed Robin
   870 | D:2      | Reached skill level 7 in Slings
  1010 | D:2      | Found a runed door.
  1014 | D:2      | Noticed Crazy Yiuf
  1018 | D:2      | Killed Crazy Yiuf
  1018 | D:2      | Reached XP level 4. HP: 29/29 MP: 4/4
  1134 | D:3      | Reached skill level 8 in Slings
  1193 | D:2      | Noticed an ogre
  1211 | D:2      | Slain by an ogre

Skill      XL: |  1  2  3  4 |
---------------+-------------+-----
Slings         | 6 7 8 |  8.0
Fighting       | 2 |  2.0
Armour         | |  0.9
Dodging        | |  2.4
Stealth        | |  1.1

Action                   |  1- 3 |  4- 6 || total
-------------------------+-------+-------++-------
 Fire: Hunting sling     |    83 |    24 ||   107
  Use: Scroll            |     2 |       ||     2
       Potion            |       |     2 ||     2
  Eat: Chunk             |       |     1 ||     1
Armor: Leather armour    |     1 |       ||     1
Dodge: Dodged            |    18 |     8 ||    26
Block: Buckler           |     7 |     6 ||    13
